 Dungeon Crawl Stone Soup version 0.20.1-1-g8b1a95d (webtiles) character file.

13 Goblin1989 the Chopper (level 2, 23/26 HPs)
             Began as a Hill Orc Monk on July 28, 2017.
             Quit the game on level 1 of the Dungeon on Apr 5, 2018.
             The game lasted 00:02:17 (615 turns).

Goblin1989 the Chopper (Hill Orc Monk)               Turns: 615, Time: 00:02:18

Health: 23/26      AC:  5    Str: 13    XL:     2   Next: 37%
Magic:  2/2        EV: 11    Int: 10    God:
Gold:   28         SH:  0    Dex: 13    Spells: 1/1 levels left

rFire    . . .     SeeInvis .   a - +0 hand axe
rCold    . . .     Gourm    .   (no shield)
rNeg     . . .     Faith    .   h - +0 ring mail
rPois    .         Spirit   .   (no helmet)
rElec    .         Reflect  .   (no cloak)
rCorr    .         Harm     .   (no gloves)
MR       .....                  (no boots)
Stlth    +.........             (no amulet)
Regen    0.1/turn               (no ring)
MPRegen  0.1/turn               (no ring)

@: no status effects
A: no striking features
a: no special abilities


You were on level 1 of the Dungeon.
You were not hungry.

You visited 1 branch of the dungeon, and saw 1 of its levels.

You collected 28 gold pieces.

Inventory:

Hand Weapons
 a - a +0 hand axe (weapon)
Missiles
 Z - a throwing net (quivered) {!d}
Armour
 b - a +0 robe
 h - a +0 ring mail (worn)
Scrolls
 f - a scroll of enchant armour {unknown}
 W - a scroll of identify {unknown}
 Y - a scroll of fear {unknown}
Potions
 g - 2 potions of heal wounds {unknown}
 j - a potion of magic {unknown}
 X - a potion of curing {unknown}
Comestibles
 e - a bread ration {@e1}
 k - 4 chunks of flesh


   Skills:
 - Level 3.6 Fighting
 + Level 5.0 Axes
 - Level 2.4 Dodging
 - Level 1.5 Stealth


You had one spell level left.
You didn't know any spells.

Dungeon Overview and Level Annotations

Branches:
Dungeon (1/15)

Altars:
Ashenzari


Message History

Found a shattered altar of Ashenzari.
W - a scroll labeled SOLAITR XUMOILOCO A rat comes into view.
You completely miss the rat. The rat bites you.
You take 3 damage, and have 23/26 hp.
You closely miss the rat. The rat barely misses you.
You slash the rat!
You kill the rat!
No target in view!
No target in view!
No target in view!
No target in view!
No target in view!
No target in view!
No target in view!
No target in view!
No target in view!
No target in view!
No target in view!
No target in view!
No target in view!
No target in view!
No target in view!
No target in view!
No target in view!
No target in view!
No target in view!
No target in view!
No target in view!
No target in view!
You butcher the rat corpse.
k - 4 chunks of flesh (gained 1)
You see here a rat skeleton. x2
Health restored: 26 A goblin comes into view.
It is wielding a club.
A goblin is nearby!
The goblin shouts!
You hit the goblin.
You kill the goblin!
No target in view!
No target in view!
No target in view!
No target in view!
No target in view!
No target in view!
No target in view!
No target in view!
No target in view!
No target in view!
No target in view!
No target in view!
No target in view!
No target in view!
No target in view!
You now have 28 gold pieces (gained 9).
A goblin comes into view. It is wielding a club.
The goblin shouts!
You see here a pink potion.
A goblin is nearby!
A goblin is nearby!
Unknown command.
No target in view!
No target in view!
No target in view!
No target in view!
No target in view!
No target in view!
No target in view!
No target in view!
No target in view!
No target in view!
No target in view!
No target in view!
No target in view!
No target in view!
No target in view!
No target in view!
No target in view!
No target in view!
No target in view!
No target in view!
No target in view!
Unknown command.
The goblin barely misses you.
You hit the goblin.
The goblin is heavily wounded.
The goblin hits you with a club.
You take 1 damage, and have 25/26 hp.
You barely miss the goblin.
The goblin is heavily wounded.
The goblin closely misses you.
You hit the goblin.
The goblin is severely wounded.
The goblin hits you with a club.
You take 2 damage, and have 23/26 hp.
You hit the goblin.
You kill the goblin!
Your Axes skill increases to level 5!
Unknown command.
Are you sure you want to abandon this character and quit the game? (Confirm with "yes".)

.. █ ... █.█████
...██ .....█████▲██
.....
██▲██.........█
.....█..!█.........█
.....█..........)..█
███.....███..██▲██
█Ψ..@▲██.Ψ...██.█
█....).....÷....█
██.......█████..█
█.....(.█...█..█
▲...⌂...▲...█..█
........█...█..█ .
██.......██.██..█
... .........█.....█
█.. ██▲██.Ψ█..██.█


There were no monsters in sight!

Vanquished Creatures
  2 bats (D:1)
  5 goblins (D:1)
  2 kobolds (D:1)
  2 rats (D:1)
11 creatures vanquished.

Notes
Turn   | Place    | Note
-------+----------+-------------------------------------------
     0 | D:1      | Goblin1989 the Hill Orc Monk began the quest for the Orb.
     0 | D:1      | Reached XP level 1. HP: 19/19 MP: 1/1
   294 | D:1      | Reached XP level 2. HP: 26/26 MP: 2/2
   520 | D:1      | Found a shattered altar of Ashenzari.
   614 | D:1      | Reached skill level 5 in Axes
   615 | D:1      | Quit the game

Skill      XL: |  1  2 |
---------------+-------+-----
Axes           | 5 |  5.0
Fighting       | |  3.6
Dodging        | |  2.4
Stealth        | |  1.5

Action                   || total
-------------------------++-------
Melee: Hand axe          ||    26
Armor: Ring mail         ||     3
Dodge: Dodged            ||    13

Vault maps used:
D:1:      dpeg_arrival_water_temple_mockup, hangedman_feature_mirror,
          evilmike_ruin_ashenzari
